 Dungeon Sprint DCSS version 0.20.1-1-g8b1a95d (webtiles) character file.

19172 potatolord6000 the Severer (level 12, -25/124 HPs)
             Began as a Hill Orc Fighter on Aug 31, 2017.
             Was the Champion of Beogh.
             Annihilated by an orc warlord
             ... wielding a cursed -2 great sword
              (34 damage)
             ... in the Dungeon (Sprint VII: "The Pits").
             The game lasted 00:13:56 (2310 turns).

potatolord6000 the Severer (Hill Orc Fighter)       Turns: 2310, Time: 00:13:57

Health: -25/124    AC: 25    Str: 27    XL:     12   Next: 66%
Magic:  14/24      EV:  9    Int:  8    God:    Beogh [******]
Gold:   24         SH: 15    Dex: 13    Spells: 11/11 levels left

rFire    . . .     SeeInvis .   s - +4 war axe (chop)
rCold    . . .     Gourm    .   c - +0 shield
rNeg     . . .     Faith    .   r - +8 chain mail
rPois    .         Spirit   .   t - +0 helmet
rElec    .         Reflect  .   (no cloak)
rCorr    .         Harm     .   l - +0 pair of gloves
MR       .....     NoTele   +   (no boots)
Stlth    ..........             (no amulet)
Regen    0.3/turn               b - +3 ring of dexterity
MPRegen  0.2/turn               d - +3 ring of strength

@: very slightly contaminated, invisible
A: walk on water
a: Smiting, Recall Orcish Followers, Give Item to Named Follower, Resurrection,
Renounce Religion


You were in the Dungeon.
You worshipped Beogh.
Beogh was exalted by your worship.
You were full.

You visited 1 branch You collected 24 gold pieces.

Inventory:

Hand Weapons
 s - a +4 war axe of chopping (weapon)
Armour
 c - a +0 shield (worn)
 l - a +0 pair of gloves (worn)
 r - a +8 chain mail (worn)
 t - a +0 helmet (worn)
Jewellery
 b - a +3 ring of dexterity (left hand)
 d - a +3 ring of strength (right hand)
Scrolls
 h - a scroll of fear
 m - 3 scrolls of remove curse
 n - 5 scrolls of amnesia
 w - a scroll of recharging
 x - 2 scrolls of identify
 z - a scroll of fog
Potions
 a - 2 potions of invisibility
 e - 8 potions of curing
 i - 4 potions of magic
 j - 4 potions of berserk rage
 A - a potion of cancellation
Comestibles
 f - 9 bread rations
 p - 40 fruits
 q - 5 meat rations
 B - a royal jelly


   Skills:
 + Level 16.7 Fighting
 + Level 17.9 Axes
 + Level 15.6 Armour
 + Level 15.6 Shields
 + Level 17.6 Invocations


You had 11 spell levels left.
You didn't know any spells.

Dungeon Overview and Level Annotations

Branches:
Dungeon (1/1)

Altars:
Ashenzari
Cheibriados
Dithmenos
Elyvilon
Fedhas
Gozag
Hepliaklqana
Kikubaaqudgha
Makhleb
Nemelex Xobeh
Okawaru
Qazlal
Ru
Sif Muna
Trog
Uskayaw
Vehumet
Xom
Yredelemnul
Zin
The Shining One
Beogh
Jiyva
Lugonu

Annotations:
D Urug


Message History

You feel sick.
The yaktaur wields an arbalest.
The yaktaur shoots a bolt.
The bolt hits the merfolk!
The merfolk barely misses you.
The red devil hits you from afar with a demon trident!
* * * LOW HITPOINT WARNING * * *
The orc warlord hits you with a great sword!!
* * * LOW HITPOINT WARNING * * *
You block the orc knight's attack.
Unknown command.
Unknown command.
Unknown command.
Unknown command.
Unknown command.
You feel better.
The merfolk javelineer shouts!
The merfolk shouts!
The red devil hits you but does no damage.
The yaktaur shoots a bolt.
The bolt closely misses the merfolk.
The bolt hits the orc knight!
The orc warlord hits you with a great sword!!
You die...
Beogh appreciates the orc warlord's killing of a heretic priest.

#++#############################
#...†.............o..o..........
#...(......÷......(.((..).......
#..##############('#############
#..# #.[.)..# #..# #.o4.mN# #..#
#@o)m..# #..# ###mc### #)(#
..o..m #÷(#


o...occ ##..# p...### ....# #....# ....# ##### ################ You could see 2
orc warlords, a naga warrior (fleeing), a merfolk javelineer (wandering), a
yaktaur captain, 4 orc knights, 3 merfolk, 2 yaktaurs and a red devil.

Vanquished Creatures
  A death cob (D)
  A nagaraja (D)
  2 merfolk avatars (D)
  Erica (D)
  A death knight (D)
  A swamp dragon (D)
  A flayed ghost (D)
  A lindwurm (D)
  An orc knight (D)
  2 deep elf magi (D)
  A manticore (D)
  8 elephants (D)
  A black mamba (D)
  Psyche (D)
  2 demonic crawlers (D)
  A hellwing (D)
  An ice devil (D)
  A yaktaur (D)
  An efreet (D)
  A guardian mummy (D)
  A snapping turtle (D)
  Sigmund (D)
  A tarantella (D)
  A ynoxinul (D)
  2 fire bats (D)
  A steam dragon (D)
  10 yaks (D)
  3 vampire mosquitoes (D)
  A small abomination (D)
  A floating eye (D)
  A big kobold (D)
  A bullfrog (D)
  A scorpion (D)
  7 killer bees (D)
  An iron imp (D)
  Jessica (D)
  An iguana (D)
  3 orc wizards (D)
  3 gnolls (D)
  An adder (D)
  An ufetubus (D)
  An ooze (D)
  2 leopard geckos (D)
  5 orcs (D)
  3 giant cockroaches (D)
  2 goblins (D)
  A quokka (D)
  A ball python (D)
  A bat (D)
  A frilled lizard (D)
  A leopard gecko zombie (D)
  A rat (D)
92 creatures vanquished.

Vanquished Creatures (collateral kills)
  Gastronok (D)
  An orc knight (D)
  2 elephants (D)
  A spiny frog (D)
  A gargoyle (D)
  A hellwing (D)
  A jumping spider (D)
  A hippogriff (D)
  A yak (D)
  A killer bee (D)
  An orc (D)
12 creatures vanquished.

Vanquished Creatures (others)
  Urug (D)
  An orc sorcerer (D)
  2 orc knights (D)
  3 orcs (D)
7 creatures vanquished.

Grand Total: 111 creatures vanquished

Notes
Turn   | Place    | Note
-------+----------+-------------------------------------------
     0 | D        | potatolord6000 the Hill Orc Fighter began the quest for the Orb.
     0 | D        | Reached XP level 1. HP: 19/19 MP: 1/1
    50 | D        | Found a bloodstained altar of Trog.
    50 | D        | Found a deep blue altar of Sif Muna.
    50 | D        | Found a viscous altar of Jiyva.
    50 | D        | Found a hazy altar of Hepliaklqana.
    50 | D        | Found an opulent altar of Gozag.
    51 | D        | Found a glowing golden altar of the Shining One.
    51 | D        | Found a glowing silver altar of Zin.
    51 | D        | Found a basalt altar of Yredelemnul.
    51 | D        | Found a shimmering altar of Xom.
    51 | D        | Found a sacrificial altar of Ru.
    51 | D        | Found a stormy altar of Qazlal.
    51 | D        | Found an iron altar of Okawaru.
    51 | D        | Found a sparkling altar of Nemelex Xobeh.
    51 | D        | Found a burning altar of Makhleb.
    51 | D        | Found a blossoming altar of Fedhas.
    51 | D        | Found a white marble altar of Elyvilon.
    51 | D        | Found a shadowy altar of Dithmenos.
    51 | D        | Found a snail-covered altar of Cheibriados.
    54 | D        | Found a corrupted altar of Lugonu.
    54 | D        | Found a radiant altar of Vehumet.
    54 | D        | Found a roughly hewn altar of Beogh.
    55 | D        | Found an ancient bone altar of Kikubaaqudgha.
    55 | D        | Found a hide-covered altar of Uskayaw.
    55 | D        | Found a shattered altar of Ashenzari.
    63 | D        | Became a worshipper of Beogh the Brigand
    83 | D        | Reached skill level 1 in Invocations
    83 | D        | Reached XP level 2. HP: 23/27 MP: 1/3
   139 | D        | Reached * piety under Beogh
   264 | D        | Noticed a floating eye
   265 | D        | Reached XP level 3. HP: 34/34 MP: 4/4
   267 | D        | Paralysed by a floating eye for 4 turns
   271 | D        | Killed a floating eye
   271 | D        | Reached ** piety under Beogh
   271 | D        | Reached skill level 5 in Armour
   271 | D        | Reached skill level 5 in Shields
   271 | D        | Reached skill level 5 in Invocations
   271 | D        | Reached XP level 4. HP: 28/44 MP: 4/7
   271 | D        | Reached XP level 5. HP: 32/50 MP: 4/8
   278 | D        | Reached *** piety under Beogh
   480 | D        | Noticed Jessica
   482 | D        | Noticed Sigmund
   487 | D        | Killed Jessica
   490 | D        | Reached **** piety under Beogh
   490 | D        | Reached XP level 6. HP: 50/60 MP: 10/10
   494 | D        | Killed Sigmund
   495 | D        | Reached XP level 7. HP: 55/69 MP: 10/13
   497 | D        | Reached ***** piety under Beogh
   512 | D        | Noticed a small abomination
   517 | D        | Killed a small abomination
   524 | D        | Gained Ugbert as an ally
   531 | D        | Noticed a fire bat
   531 | D        | Noticed a yak
   531 | D        | Noticed a yak
   531 | D        | Noticed a yak
   531 | D        | Noticed a yak
   531 | D        | Noticed a lindwurm
   532 | D        | Noticed a yak
   535 | D        | Killed a yak
   535 | D        | Reached skill level 10 in Axes
   537 | D        | Killed a lindwurm
   537 | D        | Reached skill level 10 in Fighting
   537 | D        | Reached skill level 10 in Invocations
   537 | D        | Reached XP level 8. HP: 69/79 MP: 10/15
   545 | D        | Killed a yak
   545 | D        | Reached ****** piety under Beogh
   545 | D        | Reached skill level 10 in Armour
   545 | D        | Reached skill level 10 in Shields
   546 | D        | Killed a yak
   546 | D        | Reached XP level 9. HP: 66/86 MP: 8/17
   812 | D        | Noticed Erica
   812 | D        | Noticed a death cob
   818 | D        | Killed a death cob
   818 | D        | Reached XP level 10. HP: 56/99 MP: 8/19
   826 | D        | Killed Erica
  1008 | D        | Noticed a deep elf mage
  1009 | D        | Killed a deep elf mage
  1024 | D        | Noticed a deep elf mage
  1024 | D        | Noticed a black mamba
  1027 | D        | Killed a deep elf mage
  1031 | D        | Killed a black mamba
  1041 | D        | Noticed a manticore
  1044 | D        | Killed a manticore
  1044 | D        | Reached XP level 11. HP: 98/108 MP: 16/21
  1135 | D        | Noticed an orc knight
  1139 | D        | Reached skill level 15 in Axes
  1144 | D        | Killed an orc knight
  1151 | D        | Reached skill level 15 in Invocations
  1264 | D        | Noticed a nagaraja
  1264 | D        | Noticed a death knight
  1271 | D        | Killed a death knight
  1278 | D        | Your ally Ugbert died
  1293 | D        | Killed a nagaraja
  1293 | D        | Reached skill level 15 in Fighting
  1507 | D        | Noticed Psyche
  1509 | D        | Killed Psyche
  1510 | D        | Noticed a flayed ghost
  1515 | D        | Noticed a merfolk avatar
  1531 | D        | Killed a flayed ghost
  1542 | D        | Killed a merfolk avatar
  1542 | D        | Reached XP level 12. HP: 122/122 MP: 19/24
  1726 | D        | Noticed Gastronok
  1740 | D        | Killed Gastronok
  1774 | D        | Noticed Urug
  1783 | D        | Reached skill level 15 in Armour
  1783 | D        | Reached skill level 15 in Shields
  2030 | D        | Gained Boldo as an ally
  2277 | D        | Noticed an orc warlord
  2277 | D        | Noticed an orc warlord
  2282 | D        | Noticed a merfolk javelineer
  2282 | D        | Noticed a merfolk avatar
  2287 | D        | Noticed a naga warrior
  2287 | D        | Noticed a yaktaur captain
  2287 | D        | Your ally Boldo died
  2287 | D        | Your ally died
  2299 | D        | Noticed a vault guard
  2304 | D        | Noticed a vault guard
  2305 | D        | Killed a merfolk avatar
  2309 | D        | HP: 2/124 [orc warlord/great sword (31)]
  2310 | D        | Annihilated by an orc warlord

Skill      XL: |  1  2  3  4  5  6  7  8  9 10 11 12 |
---------------+-------------------------------------+-----
Fighting       | 4 6 7 8 10 12 13 15 16 | 16.7
Axes           | 3 4 6 7 9 11 13 14 16 17 | 17.9
Armour         | 4 5 6 7 9 10 11 12 14 15 | 15.6
Invocations    | 1 2 5 6 8 10 11 12 14 16 17 | 17.6
Shields        | 4 5 6 8 9 10 11 12 14 15 | 15.6

Action                   |  1- 3 |  4- 6 |  7- 9 | 10-12 || total
-------------------------+-------+-------+-------+-------++-------
Melee: War axe           |     5 |       |     2 |   158 ||   165
       Hand axe          |    14 |    19 |    30 |       ||    63
Invok: Smiting           |       |       |     5 |    28 ||    33
       Give Item to Name |       |       |     1 |     2 ||     3
       Resurrection      |       |       |       |     1 ||     1
  Use: Potion            |       |     2 |       |    21 ||    23
       Scroll            |       |       |       |    10 ||    10
 Stab: Distracted        |       |       |       |     2 ||     2
       Fleeing           |       |       |       |     2 ||     2
  Eat: Meat ration       |       |       |       |     2 ||     2
Armor: Scale mail        |     5 |     5 |       |       ||    10
       Chain mail        |       |     2 |     7 |   106 ||   115
Dodge: Dodged            |     4 |     2 |     9 |    62 ||    77
Block: Shield            |    14 |    14 |    17 |   158 ||   203
